 Dungeon Crawl Stone Soup version 0.27-a0-1228-gfd60fd639a (webtiles) character file.

Game seed: 4967756528313041818

15621 gruber the Fighter (level 12, 0/95 HPs)
             Began as a Djinni Ice Elementalist on June 7, 2021.
             Was a Priest of Makhleb.
             Slain by a gargoyle
             ... wielding a +0 mace
              (14 damage)
             ... on level 12 of the Dungeon.
             The game lasted 00:17:46 (15845 turns).

gruber the Fighter (Djinni Ice Elementalist)       Turns: 15845, Time: 00:17:47

Health: 0/95       AC: 16    Str: 13    XL:     12   Next: 60%
Gold:   688        EV: 17    Int: 31    God:    Makhleb [***...] SH:  5 Dex: 15

rFire    + + .     SeeInvis .   Q - +9 flail "Jeigut" {vorpal, Int+4}
rCold    x . .     Faith    .   (no shield)
rNeg     . . .     Spirit   .   H - +0 steam dragon scales
rPois    ∞         Reflect  +   l - +0 helmet
rElec    .         Harm     .   (no cloak)
rCorr    .         Rampage  .   (no gloves)
Will     +....                  (boots unavailable)
Stlth    ++........             m - amulet of reflection
HPRegen  0.25/turn              n - +6 ring of strength
MPRegen  0.00/turn              E - +6 ring of intelligence

@: ice-armoured, flying
A: sickness immunity, fire resistance 2, cold vulnerability 1, float, innate
caster, hp casting, extra vitality 1
a: Renounce Religion, Minor Destruction, Lesser Servant of Makhleb


You were on level 12 of the Dungeon.
You worshipped Makhleb.
Makhleb was most pleased with you.
You visited 2 branches of the dungeon, and saw 13 of its levels.

You collected 688 gold pieces.

Inventory:

Hand Weapons
 x - a +2 spear of venom
 P - a +3 long sword of freezing
 Q - the +9 flail "Jeigut" (weapon) {vorpal, Int+4}
   (You found it on level 11 of the Dungeon)

   It inflicts extra damage upon your enemies.
   It affects your intelligence (+4).
Missiles
 g - 47 poisoned darts
 v - 2 throwing nets
Armour
 l - a +0 helmet (worn)
 H - +0 steam dragon scales (worn)
 S - a +0 buckler
Jewellery
 m - an amulet of reflection (around neck)
 n - a +6 ring of strength (left hand)
 u - an amulet of regeneration
 E - a +6 ring of intelligence (right hand)
 J - a ring of resist corrosion
 N - an amulet of guardian spirit
 O - a ring of poison resistance
Wands
 h - a wand of iceblast (10)
 o - a wand of acid (11)
 K - a wand of flame (18)
Scrolls
 d - 7 scrolls of teleportation {unknown}
 f - 3 scrolls of fear {unknown}
 i - 11 scrolls of identify {unknown}
 j - a scroll of silence {unknown}
 p - a scroll of holy word {unknown}
 r - 5 scrolls of amnesia {unknown}
 s - a scroll of enchant armour {unknown}
 t - a scroll of brand weapon {unknown}
 y - 2 scrolls of enchant weapon {unknown}
 A - a scroll of fog {unknown}
 B - 2 scrolls of noise {unknown}
 F - 2 scrolls of magic mapping {unknown}
 L - 2 scrolls of torment {unknown}
 R - a scroll of summoning {unknown}
Potions
 a - a potion of magic {unknown}
 b - 3 potions of flight {unknown}
 c - 6 potions of curing
 e - a potion of lignification {unknown}
 k - 3 potions of mutation {unknown}
 q - 3 potions of heal wounds {unknown}
 w - 2 potions of haste {unknown}
 z - 2 potions of degeneration {unknown}
 C - a potion of brilliance {unknown}
 D - 2 potions of might {unknown}
 G - a potion of cancellation {unknown}
 I - 2 potions of berserk rage {unknown}
 M - a potion of resistance {unknown}
 T - a potion of attraction {unknown}


   Skills:
 - Level 12.0 Fighting
 - Level 10.3 Dodging
 - Level 1.5 Stealth
 * Level 1.8 Shields
 - Level 10.1 Spellcasting


You had one spell level left.
You knew the following spells:

 Your Spells              Type           Power      Damage    Failure   Level
a - Freeze                Ice            100%       1d11      1%          1
b - Frozen Ramparts       Ice            100%       1d12      1%          3
c - Ozocubu's Armour      Ice            68%        N/A       1%          3
d - Hailstorm             Conj/Ice       68%        3d14      1%          4
e - Metabolic Englaciati  Hex/Ice        34%        N/A       1%          5
f - Beastly Appendage     Tmut           100%       N/A       1%          1
g - Passwall              Tmut/Erth      56%        N/A       1%          2
h - Teleport Other        Tloc           68%        N/A       1%          3
i - Inner Flame           Hex/Fire       68%        N/A       1%          3
j - Silence               Hex/Air        34%        N/A       1%          5
Your spell library was empty.

Dungeon Overview and Level Annotations

Branches:
Dungeon (12/15)            Temple (1/1) D:5            Lair (0/6) D:10
    Orc (0/2) D:10

Altars:
Ashenzari
Dithmenos
Fedhas
Kikubaaqudgha
Makhleb
Nemelex Xobeh
Qazlal
Wu Jian
Xom

Shops:
D:3 (   D:10 *


Innate Abilities, Weirdness & Mutations

You are immune to sickness and miasma.
You are immune to poison.
Your flesh is very heat resistant. (rF++)
You are vulnerable to cold. (rC-)
You float through the air rather than walking.
You learn spells naturally, not from books.
Your magical power is your life essence.
You have superior vitality. (+4 HP)


Message History

Unknown command.
Unknown command.
You barely miss the gargoyle.
The gargoyle is severely damaged.
The gargoyle hurls a stone arrow at you.
The stone arrow hits you!
You hit the gargoyle.
The gargoyle is almost destroyed.
The gargoyle hits you but does no damage.
The gargoyle hurls a stone arrow at you.
The stone arrow hits you!!
You hit the gargoyle but do no damage.
The gargoyle is almost destroyed.
The gargoyle hits you with a +0 mace!
Unknown command.
You are too injured to fight recklessly!
You are too injured to fight recklessly!
You are too injured to fight recklessly!
You hit the gargoyle but do no damage.
The gargoyle is almost destroyed.
The gargoyle misses you.
Casting: Hailstorm (mildly dangerous; 1% risk of failure)
Confirm with . or Enter, or press ? or * to list all spells.
A film of ice covers your body! The gargoyle hits you with a +0 mace.
Unknown command.
Unknown command.
You hit the gargoyle but do no damage.
The gargoyle is almost destroyed.
The gargoyle hits you but does no damage.
The gargoyle hurls a stone arrow at you.
The stone arrow hits you!!
* * * LOW HITPOINT WARNING * * *
You hit the gargoyle but do no damage.
The gargoyle is almost destroyed.
The gargoyle hurls a stone arrow at you.
The stone arrow misses you.
You barely miss the gargoyle.
The gargoyle is almost destroyed.
The gargoyle barely misses you. The gargoyle hits you with a +0 mace!
You die...

.. #.# ..##### #.....#
#.....# #.....# #.9..#
#####.@..###
#...........#
#...........#
#...........##+####
#.................#
#.................######
#.....^...........##....
#(................##....
.................##....


You could see a gargoyle.

Vanquished Creatures
  A fire dragon (D:11)
  2 boulder beetles
  A two-headed ogre (D:11)
  A lindwurm (shapeshifter) (D:12)
  An orc knight (D:12)
  2 cyclopes
  A manticore (D:9)
  A cyclops (shapeshifter) (D:12)
  Maurice (D:8)
  Joseph (D:10)
  A gargoyle (D:12)
  A komodo dragon (D:10)
  A tengu conjurer (D:12)
  3 trolls
  Prince Ribbit (D:5)
  2 hornets
  2 wyverns
  13 yaks
  Eustachio (D:4)
  A golden eye (shapeshifter) (D:8)
  3 steam dragons
  Edmund (D:4)
  An acid dragon (D:11)
  A water moccasin (D:5)
  3 black bears
  7 orc warriors
  An ice beast (D:7)
  A necrophage (D:5)
  4 ogres
  7 centaurs
  4 bullfrogs
  8 scorpions
  3 gnoll sergeants
  A water moccasin skeleton (D:4)
  5 wights (D:9)
  3 howler monkeys (D:9)
  4 hounds
  3 centaur zombies
  A centaur skeleton (D:6)
  5 orc priests
  2 jellies
  A scorpion zombie (D:5)
  An iguana (D:4)
  9 orc wizards
  A killer bee zombie (D:8)
  2 howler monkey zombies
  Robin (D:2)
  17 gnolls
  A howler monkey skeleton (D:3)
  8 adders
  3 worms
  4 dart slugs
  23 orcs
  6 ball pythons
  4 endoplasms
  3 giant cockroaches
  12 goblins
  9 hobgoblins
  2 jackals (D:1)
  7 kobolds
  A quokka (D:1)
  13 bats
  3 rats
237 creatures vanquished.

Vanquished Creatures (others)
  14 fungi
  5 plants (D:10)
19 creatures vanquished.

Grand Total: 256 creatures vanquished

Notes
Turn   | Place    | Note
-------+----------+-------------------------------------------
     0 | D:1      | gruber the Djinni Ice Elementalist began the quest for the
                  | Orb.
     0 | D:1      | Reached XP level 1. HP: 15/15 MP: 0/0
   282 | D:1      | Reached XP level 2. HP: 5/21 MP: 0/0
  1278 | D:1      | Reached XP level 3. HP: 23/25 MP: 0/0
  1278 | D:1      | Learned a level 1 spell: Beastly Appendage
  1662 | D:2      | Noticed Robin
  1672 | D:2      | Reached XP level 4. HP: 25/31 MP: 0/0
  1674 | D:2      | Killed Robin
  2374 | D:2      | Found a faded altar of an unknown god.
  2791 | D:3      | Reached XP level 5. HP: 32/35 MP: 0/0
  2791 | D:3      | Learned a level 2 spell: Passwall
  2845 | D:3      | Found Hoshemyi's Weapon Shop.
  3610 | D:3      | Reached skill level 5 in Spellcasting
  4235 | D:4      | Reached XP level 6. HP: 35/40 MP: 0/0
  4306 | D:4      | Noticed Edmund
  4322 | D:4      | Killed Edmund
  4323 | D:4      | Reached XP level 7. HP: 2/45 MP: 0/0
  4323 | D:4      | Learned a level 3 spell: Teleport Other
  4775 | D:4      | Found an ornate altar of the Wu Jian Council.
  5166 | D:4      | Reached skill level 1 in Fighting
  5166 | D:4      | Reached XP level 8. HP: 36/52 MP: 0/0
  5332 | D:4      | Reached skill level 2 in Fighting
  5417 | D:4      | Noticed Eustachio
  5427 | D:4      | Killed Eustachio
  5428 | D:4      | Reached skill level 3 in Fighting
  5786 | D:5      | Entered Level 5 of the Dungeon
  5798 | D:5      | Reached skill level 4 in Fighting
  6196 | D:5      | Reached skill level 5 in Fighting
  6263 | D:5      | Noticed Prince Ribbit
  6270 | D:5      | Killed Prince Ribbit
  6271 | D:5      | Reached skill level 6 in Fighting
  6375 | D:5      | Reached XP level 9. HP: 59/67 MP: 0/0
  6375 | D:5      | Learned a level 3 spell: Inner Flame
  6502 | D:5      | Found a staircase to the Ecumenical Temple.
  6542 | D:5      | Reached skill level 7 in Fighting
  7056 | Temple   | Entered the Ecumenical Temple
  7063 | Temple   | Became a worshipper of Makhleb the Destroyer
  7322 | D:6      | Reached skill level 8 in Fighting
  7882 | D:7      | Found a blossoming altar of Fedhas.
  7886 | D:7      | Found a stormy altar of Qazlal.
  8021 | D:7      | Reached skill level 5 in Dodging
  8822 | D:7      | Reached XP level 10. HP: 65/76 MP: 0/0
  9337 | D:8      | Found a broken altar of Ashenzari.
  9337 | D:8      | Found a sparkling altar of Nemelex Xobeh.
  9538 | D:8      | Reached * piety under Makhleb
  9870 | D:8      | Noticed Maurice
  9875 | D:8      | Noticed a cyclops
  9876 | D:8      | Killed Maurice
  9877 | D:8      | Reached skill level 10 in Dodging
  9972 | D:8      | Killed a cyclops
 10097 | D:8      | Found a shadowy altar of Dithmenos.
 10228 | D:8      | Reached skill level 9 in Fighting
 10795 | D:9      | Reached ** piety under Makhleb
 10855 | D:9      | Reached XP level 11. HP: 15/85 MP: 0/0
 10855 | D:9      | Learned a level 5 spell: Silence
 11273 | D:9      | Reached skill level 10 in Fighting
 11422 | D:9      | Noticed a manticore
 12117 | D:9      | Killed a manticore
 12436 | D:10     | Entered Level 10 of the Dungeon
 12476 | D:10     | Found a staircase to the Orcish Mines.
 12529 | D:10     | Reached skill level 11 in Fighting
 12738 | D:10     | Found Ovuqaur's Assorted Antiques.
 12880 | D:10     | Noticed Joseph
 12891 | D:10     | Killed Joseph
 12998 | D:10     | Reached skill level 12 in Fighting
 13009 | D:10     | Reached *** piety under Makhleb
 13278 | D:10     | Found a staircase to the Lair.
 13868 | D:11     | Noticed a two-headed ogre
 13879 | D:11     | Killed a two-headed ogre
 14202 | D:11     | Noticed a boulder beetle
 14209 | D:11     | Killed a boulder beetle
 14210 | D:11     | Reached XP level 12. HP: 76/95 MP: 0/0
 14800 | D:11     | Noticed a fire dragon
 14913 | D:11     | Identified the +9 flail "Jeigut" {vorpal, Int+4}
 14972 | D:11     | Killed a fire dragon
 15442 | D:12     | Noticed a boulder beetle
 15466 | D:12     | Killed a boulder beetle
 15567 | D:12     | Reached skill level 10 in Spellcasting
 15783 | D:12     | Reached skill level 1 in Shields
 15845 | D:12     | Slain by a gargoyle

Illustrated notes

Levels and vault maps discovered:
D:1:      minmay_arrival_pointy, layout_basic
D:2:      layout_loops_cross, ebering_ecumenical_altar_abandoned, uniq_robin
D:3:      layout_basic, serial_shops, shop, chequers_jeans
D:4:      layout_loops_ring, nicolae_wu_jian_wuxing_cycle, uniq_edmund,
          uniq_eustachio
D:5:      layout_basic, minmay_temple_entry_sparse_star, uniq_prince_ribbit1
D:6:      layout_gridville, general_overflow_altar
D:7:      layout_loops_ring, grunt_temple_overflow_forces_of_nature,
          grunt_ministairs_13, dk_rats_in_the_wall
D:8:      old_forge, layout_loops_ring, jmf_multi_god_temple,
          lemuel_round_altar, mrwooster_statue_mirror, minmay_strange_pillars,
          uniq_maurice
D:9:      layout_cave_pools
D:10:     layout_roguey, grunt_lair_entry_orc_guard_hut, enter_bailey_2,
          serial_shops, nicolae_shop_statue_plus, uniq_joseph
D:11:     layout_stronghold
D:12:     minmay_bloctagon_deflated, layout_basic
Temple:   regret_index_temple_waves

Skill      XL: |  1  2  3  4  5  6  7  8  9 10 11 12 |
---------------+-------------------------------------+-----
Spellcasting   | 4 5 6 7 8 10 | 10.1
Fighting       | 1 6 8 9 12 | 12.0
Dodging        | 7 10 | 10.3
Shields        | 1 |  1.8
Stealth        | |  1.5

Action                   |  1- 3 |  4- 6 |  7- 9 | 10-12 || total
-------------------------+-------+-------+-------+-------++-------
Melee: Unarmed           |     7 |       |       |       ||     7
       Dagger            |       |    25 |       |       ||    25
       Spear             |       |       |   168 |   237 ||   405
       Flail             |       |       |       |     8 ||     8
Throw: Dart              |       |       |       |     2 ||     2
 Cast: Freeze            |    34 |    41 |     4 |    23 ||   102
       Frozen Ramparts   |     1 |     7 |    32 |    47 ||    87
       Beastly Appendage |       |     1 |       |       ||     1
       Hailstorm         |       |     2 |     6 |    59 ||    67
       Metabolic Englaci |       |       |       |    13 ||    13
       Ozocubu's Armour  |       |       |       |    12 ||    12
       Teleport Other    |       |       |       |     1 ||     1
  Use: Potion            |       |       |     1 |       ||     1
 Stab: Sleeping          |       |       |     1 |     2 ||     3
       Held in net/web   |       |       |       |     2 ||     2
Armor: Robe              |     5 |     6 |    21 |       ||    32
       Steam dragon scal |       |       |     8 |    68 ||    76
Dodge: Dodged            |    45 |    28 |    66 |   206 ||   345
Block: Other             |       |    20 |    30 |    70 ||   120
       Reflection        |       |       |     3 |     2 ||     5

Table legend: (Time is in decaauts)
 A = Elapsed time spent in this place.
 B = Non-inter-level travel time spent in this place.
 C = Inter-level travel time spent in this place.
 D = Time resting spent in this place.
 E = Time spent auto-exploring this place.
 F = Levels seen in this place.
 G = Mean time per level.
                   A        B        C        D        E       F      G
               +--------+--------+--------+--------+--------+-----+--------+
         Total |  15893 |  15403 |    490 |   1077 |  12459 |  13 | 1222.5 |
       Dungeon |  15878 |  15395 |    483 |   1077 |  12459 |  12 | 1323.2 |
        Temple |     14 |      7 |      7 |      0 |      0 |   1 |   14.0 |
               +--------+--------+--------+--------+--------+-----+--------+

Top non-repeatable levels by time:
     D:8: 1982 daAuts
    D:11: 1853 daAuts
     D:4: 1718 daAuts
     D:1: 1661 daAuts
     D:5: 1320 daAuts
     D:3: 1301 daAuts
     D:9: 1293 daAuts
     D:7: 1277 daAuts
    D:10: 1155 daAuts
     D:2: 1108 daAuts
     D:6: 794 daAuts
    D:12: 411 daAuts
  Temple: 14 daAuts
